Map: Backwater LE

Players

MaNa

  • Race: Protoss Protoss
  • Spawn Location: 5:00

Lambo - Winner!

  • Race: Zerg Zerg
  • Spawn Location: 11:00

Event: WCS Leipzig 2018

VOD

Have the link to the VOD?

Description

Time

  • Played on: Jan. 26, 2018, 9:52 a.m.
  • Length: 12:16

All games in this series

Show
View Real Time Build Order
Export as new Build Order

MaNa Protoss 

Build Orders: 1 Gate Expand, Oracle Opening, Chargelot Immortal 

Get SALT Encoding   

  12  0:00  Probe  
  13  0:12  Probe  
  14  0:20  Pylon  
  14  0:24  Probe  
  15  0:38  Probe (Chrono Boost)  
  16  0:44  Gateway  
  16  0:47  Probe (Chrono Boost)  
  16  0:48  Assimilator  
  17  0:55  Probe (Chrono Boost)  
  18  1:07  Probe (Chrono Boost)  
  19  1:13  Probe (Chrono Boost)  
  20  1:29  Nexus  
  21  1:39  Cybernetics Core  
  20  1:41  Probe  
  21  1:49  Assimilator  
  21  1:53  Probe  
  22  1:59  Pylon  
  22  2:06  Probe  
  23  2:16  Warp Gate  
  23  2:17  Adept  
  23  2:18  Probe (Chrono Boost)  
  26  2:29  Probe (Chrono Boost)  
  27  2:31  Stargate  
  27  2:34  Probe (Chrono Boost)  
  28  2:41  Probe  
  29  2:44  Probe  
  29  2:48  Stalker  
  31  2:53  Probe (Chrono Boost)  
  33  3:00  Probe (Chrono Boost)  
  33  3:05  Probe (Chrono Boost)  
  34  3:10  Probe (Chrono Boost)  
  34  3:11  Probe (Chrono Boost)  
  34  3:12  Oracle (Chrono Boost)  
  36  3:19  Probe  
  40  3:20  Probe  
  40  3:26  Gateway  
  41  3:31  Probe  
  41  3:32  Probe, Pylon  
  43  3:43  Oracle  
  46  3:50  Probe x2  
  46  3:53  Assimilator  
  46  3:55  Assimilator  
  48  3:58  Robotics Facility  
  48  4:02  Probe x2  
  50  4:03  Pylon  
  50  4:10  Pylon  
  51  4:17  Probe x2  
  51  4:18  Void Ray (Chrono Boost)  
  56  4:29  Probe x2, Gateway  
  58  4:34  Gateway  
  58  4:35  Sentry  
  60  4:44  Adept  
  62  4:46  Immortal (Chrono Boost)  
  66  4:56  Probe x2  
  68  5:01  Twilight Council  
  68  5:02  Pylon  
  68  5:14  Forge  
  68  5:17  Pylon  
  68  5:20  Immortal (Chrono Boost)  
  72  5:27  Pylon  
  72  5:31  Probe x2  
  74  5:36  Sentry  
  74  5:39  Shield Battery, Charge  
  74  5:41  Shield Battery  
  76  5:50  Protoss Ground Weapons Level 1  
  76  5:52  Photon Cannon  
  76  5:54  Pylon  
  76  5:57  Zealot x3  
  82  6:05  Immortal (Chrono Boost)  
  86  6:20  Robotics Bay  
  86  6:33  Stalker x3  
  86  6:35  Immortal  
  96  6:40  Pylon  
  96  6:44  Robotics Facility  
  96  6:46  Shield Battery  
  96  6:58  Shield Battery  
  96  7:09  Cybernetics Core  
  96  7:14  Disruptor  
  97  7:33  Disruptor (Chrono Boost)  
  98  7:39  Zealot x2  
  98  7:42  Pylon  
  98  7:43  Pylon  
  87  7:56  Oracle  
  87  7:57  Disruptor (Chrono Boost)  
  78  8:22  Zealot x2  
  78  8:25  Disruptor  
  70  8:47  Probe  
  68  8:51  Zealot  
  70  8:56  Pylon  
  70  8:57  Pylon  
  70  9:08  Nexus  
  70  9:10  Pylon  
  70  9:15  Observer  
  70  9:16  Sentry x2  
  75  9:26  Nexus  
  75  9:40  Phoenix  
  76  9:52  Templar Archives  
  76  10:00  Probe (Chrono Boost)  
  76  10:06  Shield Battery  
  77  10:10  Probe (Chrono Boost)  
  78  10:19  Probe  
  77  10:33  Phoenix  
  79  10:45  Probe, High Templar x2  
  79  10:49  Probe, Archon  
  85  10:52  Probe  
  86  10:57  Assimilator  
  86  11:03  Observer  
  87  11:06  Probe (Chrono Boost), Assimilator  
  87  11:09  Probe (Chrono Boost)  
  89  11:11  Probe (Chrono Boost)  
  91  11:18  Probe (Chrono Boost)  
  91  11:20  Probe (Chrono Boost)  
  91  11:22  Probe (Chrono Boost)  
  91  11:24  Probe (Chrono Boost)  
  91  11:25  Observer  
  95  11:26  Probe (Chrono Boost)  
  96  11:36  Probe x2  
  96  11:37  Probe  
  99  11:41  Assimilator  
  99  11:49  Assimilator  
  99  11:57  Probe  
  99  11:58  Probe  
  99  12:00  Probe  
Show
View Real Time Build Order
Export as new Build Order

Lambo Zerg - Winner!

Build Orders: Hatch First, Lurkers 

Get SALT Encoding   

  12  0:00  Drone  
  13  0:13  Overlord  
  13  0:17  Drone  
  14  0:31  Drone x2  
  16  0:48  Hatchery  
  15  0:52  Drone  
  16  0:57  Drone  
  16  0:59  Drone  
  18  1:11  Extractor  
  18  1:16  Spawning Pool  
  18  1:18  Drone  
  17  1:21  Drone  
  18  1:30  Drone  
  19  1:42  Drone  
  20  1:53  Overlord  
  20  2:02  Drone x2, Queen  
  24  2:11  Drone  
  24  2:13  Drone  
  26  2:18  Queen  
  28  2:23  Zergling x2  
  28  2:24  Drone  
  30  2:32  Drone  
  30  2:36  Drone  
  32  2:38  Queen  
  34  2:46  Overlord  
  34  2:49  Drone  
  35  2:54  Drone  
  36  3:03  Overlord  
  36  3:04  Queen  
  38  3:06  Drone x2  
  38  3:10  Drone x2  
  38  3:11  Drone  
  43  3:16  Lair  
  43  3:17  Drone  
  44  3:22  Drone  
  44  3:26  Drone x2  
  47  3:29  Drone x2  
  47  3:30  Drone  
  47  3:32  Extractor  
  47  3:34  Extractor  
  48  3:39  Overlord  
  48  3:40  Drone, Extractor  
  48  3:46  Drone  
  48  3:47  Drone x2  
  51  3:51  Drone  
  51  3:53  Overlord  
  52  3:56  Metabolic Boost  
  52  4:02  Drone x2  
  53  4:12  Drone x2  
  53  4:14  Drone  
  53  4:16  Hydralisk Den  
  55  4:17  Spore Crawler  
  55  4:18  Drone  
  55  4:19  Spore Crawler  
  54  4:27  Overlord  
  54  4:30  Drone  
  55  4:36  Hatchery  
  54  4:40  Overlord  
  54  4:42  Overlord  
  54  4:46  Muscular Augments  
  54  4:48  Drone, Hydralisk x3  
  54  4:50  Lurker Den  
  54  4:51  Hydralisk  
  62  4:54  Hydralisk  
  64  5:02  Hydralisk x2  
  64  5:05  Hydralisk  
  70  5:07  Overlord  
  70  5:11  Hydralisk  
  72  5:14  Hydralisk  
  72  5:17  Hydralisk  
  72  5:21  Hydralisk  
  76  5:24  Hydralisk  
  80  5:32  Hydralisk  
  80  5:33  Hydralisk  
  85  5:35  Zergling x4  
  85  5:36  Zergling x2  
  85  5:40  Zergling x2  
  88  5:44  Zergling x8  
  88  5:48  Overseer  
  88  5:49  Overlord  
  92  5:51  Zergling x2  
  92  5:54  Zergling x2  
  94  5:57  Zergling x4  
  94  6:03  Zergling x4  
  98  6:08  Zergling x2  
  99  6:15  Zergling x8  
  99  6:17  Lurker x3  
  106  6:21  Overlord  
  106  6:23  Lurker, Spore Crawler  
  106  6:27  Lurker, Spore Crawler  
  108  6:33  Overlord  
  108  6:37  Overlord  
  108  6:44  Zergling x6  
  109  6:51  Hydralisk x2  
  109  6:55  Zergling x10  
  109  6:59  Zergling x6  
  117  7:02  Zergling x4  
  117  7:05  Lurker  
  119  7:10  Hydralisk x3  
  119  7:13  Lurker x2  
  119  7:14  Zergling x2  
  124  7:20  Zergling x2  
  124  7:21  Zergling x4  
  126  7:23  Hydralisk  
  126  7:27  Zergling x2  
  129  7:33  Zergling x4  
  129  7:36  Zergling x2  
  129  7:37  Zergling x2  
  124  7:41  Zergling x4, Hydralisk x2  
  123  7:44  Overseer  
  123  7:45  Zergling x4  
  123  7:47  Hydralisk  
  119  7:51  Hydralisk  
  119  7:52  Zergling x2  
  120  8:08  Zergling x4  
  110  8:14  Zergling x4, Hydralisk  
  110  8:16  Zergling x6  
  109  8:23  Zergling x4  
  109  8:26  Hydralisk  
  113  8:29  Queen  
  113  8:30  Hydralisk  
  113  8:31  Evolution Chamber  
  113  8:32  Hydralisk  
  116  8:37  Drone x3  
  116  8:40  Drone  
  116  8:42  Infestation Pit  
  112  8:52  Drone x4  
  114  9:05  Drone x3  
  114  9:06  Drone x2  
  114  9:08  Extractor, Hatchery  
  114  9:09  Extractor  
  116  9:10  Zerg Missile Weapons Level 1  
  116  9:15  Drone x3  
  119  9:17  Drone  
  119  9:23  Drone  
  121  9:32  Hive  
  121  9:40  Overlord  
  121  9:41  Overlord, Spire  
  121  9:45  Overlord  
  120  9:46  Overlord  
  120  9:50  Overlord  
  120  9:53  Drone  
  120  9:55  Overlord  
  120  9:56  Overlord  
  120  9:58  Overlord  
  120  9:59  Overlord  
  118  10:00  Drone x3  
  118  10:03  Hydralisk  
  118  10:06  Drone x3  
  126  10:09  Lurker x2  
  128  10:16  Hydralisk x2  
  128  10:17  Hydralisk  
  134  10:21  Hydralisk  
  136  10:30  Extractor x2  
  134  10:37  Drone x7  
  134  10:40  Queen  
  143  10:48  Overlord  
  142  10:50  Drone  
  142  10:52  Drone x3  
  142  10:53  Adaptive Talons  
  142  10:54  Greater Spire  
  142  10:57  Corruptor  
  148  11:08  Hydralisk x2  
  152  11:15  Hatchery  
  152  11:16  Corruptor x3  
  157  11:20  Corruptor  
  157  11:23  Pneumatized Carapace  
  159  11:27  Corruptor  
  159  11:31  Overseer  
  161  11:35  Corruptor  
  162  11:42  Corruptor  
  164  12:00  Overseer  
  166  12:12  Lurker  
Tags
 
Add a new tag
Caveats
  • Supply blocks, unpowered buildings, or Contaminate may cause inaccurate times.
  • Supply counts are checked every 10 seconds.